 Dungeon Crawl Stone Soup version 0.21.1-1-g345015f (webtiles) character file.

759 ghostminer98 the Magician (level 7, -4/52 HPs)
             Began as a Purple Draconian Wizard on June 7, 2018.
             Was a Follower of Okawaru.
             Slain by a sky beast (5 damage)
             ... on level 3 of the Dungeon.
             The game lasted 00:50:10 (6237 turns).

ghostminer98 the Magician (Purple Draconian Wizard) Turns: 6237, Time: 00:50:11

Health: -4/52      AC:  8    Str:  9    XL:     7   Next: 50%
Magic:  14/14      EV: 13    Int: 19    God:    Okawaru [*.....]
Gold:   218        SH:  0    Dex: 16    Spells: 2/15 levels left

rFire    + . .     SeeInvis .   x - +2 dagger (freeze)
rCold    x . .     Gourm    .   (no shield)
rNeg     . . .     Faith    .   (armour unavailable)
rPois    .         Spirit   .   a - +0 hat
rElec    .         Reflect  .   F - +0 cloak
rCorr    .         Harm     .   J - +0 pair of gloves
MR       +....                  (no boots)
Stlth    ++........             y - amulet of magic regeneration
HPRegen  0.17/turn              j - +5 ring of dexterity
MPRegen  0.39/turn              w - ring of fire

@: no status effects
A: breathe power, unfitting armour, cold-blooded, AC +6
a: Breathe Dispelling Energy, Heroism, Renounce Religion


You were on level 3 of the Dungeon.
You worshipped Okawaru.
Okawaru was aware of your devotion.
You were not hungry.

You visited 2 branches of the dungeon, and saw 6 of its levels.

You collected 218 gold pieces.

Inventory:

Hand Weapons
 f - a +4 hunting sling
 m - a +0 dagger
 t - a +0 club of chaos
 u - a +0 club of chaos
 v - a +1 dagger of chaos
 x - a +2 dagger of freezing (weapon)
 E - a +4 quarterstaff of chaos
 G - a +2 mace of holy wrath
Missiles
 e - 188 stones (quivered)
 i - 58 arrows
 z - 3 large rocks
Armour
 a - a +0 hat (worn)
 o - a cursed +0 robe
 B - a +0 shield
 F - a +0 cloak (worn)
 J - a +0 pair of gloves (worn)
Jewellery
 j - a +5 ring of dexterity (left hand)
 r - an uncursed amulet of guardian spirit
 w - a ring of fire (right hand)
 y - an amulet of magic regeneration (around neck)
 K - a cursed -2 ring of strength
Scrolls
 h - 4 scrolls of teleportation
 k - a scroll of random uselessness
 l - a scroll of enchant weapon
 p - a scroll of enchant armour {unknown}
 C - 3 scrolls of remove curse
 H - 2 scrolls of magic mapping {unknown}
 I - 2 scrolls of fear {unknown}
Potions
 d - a potion of degeneration
 n - 2 potions of might {unknown}
 q - 5 potions of curing
 s - a potion of flight {unknown}
 D - a potion of invisibility {unknown}
 M - a potion of resistance {unknown}
Books
 b - a book of Minor Magic

   Spells                             Type                      Level
   a - Magic Dart                     Conjuration                  1
   b - Blink                          Translocation                2
   c - Call Imp                       Summoning                    2
   d - Slow                           Hexes                        2
   e - Conjure Flame                  Conjuration/Fire             3
   f - Mephitic Cloud                 Conjuration/Poison/Air       3
Comestibles
 c - 4 rations
 g - 2 chunks of flesh


   Skills:
 + Level 1.6 Fighting
 + Level 3.3(3.5) Slings
 - Level 1.9(2.9) Throwing
 + Level 2.5 Dodging
 * Level 3.2 Stealth
 + Level 4.9 Spellcasting
 + Level 1.8 Conjurations
 * Level 2.8 Hexes
 + Level 1.4 Summonings
 * Level 3.0 Translocations
 + Level 0.3 Air Magic
 + Level 0.3 Poison Magic


You had 2 spell levels left.
You knew the following spells:

 Your Spells              Type           Power        Failure   Level  Hunger
a - Magic Dart            Conj           ##..         6%          1    None
b - Mephitic Cloud        Conj/Pois/Air  #.......     26%         3    ##.....
c - Blink                 Tloc           N/A          5%          2    #......
d - Slow                  Hex            ###.....     6%          2    #......
e - Conjure Flame         Conj/Fire      ##......     26%         3    ##.....
f - Call Imp              Summ           ##......     11%         2    #......


Dungeon Overview and Level Annotations

Branches:
Dungeon (5/15)             Temple (1/1) D:4

Altars:
Ashenzari
Cheibriados
Elyvilon
Fedhas
Gozag
Hepliaklqana
Kikubaaqudgha
Okawaru
Qazlal
Ru
Sif Muna
Trog
Uskayaw
Wu Jian
Xom
Yredelemnul
Zin
The Shining One

Annotations:
D:3 Natasha


Innate Abilities, Weirdness & Mutations

You can breathe bolts of dispelling energy.
Your rich purple scales are hard. (AC +6)
You cannot fit into any form of body armour.
You are cold-blooded and may be slowed by cold attacks.


Message History

There is a stone staircase leading up here.
You can't go down here!
Something hits you.
* * * LOW HITPOINT WARNING * * *
Something shocks you.
* * * LOW HITPOINT WARNING * * *
You climb upwards.
Level annotation: Natasha
There is a stone staircase leading down here.
Something hits you but does no damage.
You closely miss something. You tail-slap something.
Something barely misses you.
You hit something. You freeze something. Something hits you.
* * * LOW HITPOINT WARNING * * *
Something shocks you.
* * * LOW HITPOINT WARNING * * *
You hit something but do no damage. Something hits you.
* * * LOW HITPOINT WARNING * * *
Something shocks you.
You die...

.####.## #.# #.>#
..##...###(# #..#
.....#....)# #..#
..##.5.##### #..#
.5..5.## #..# #######
######..##### #
#..........<# #######
##########.####..###.#
o..o..# .......@.#
#..###.#
#####h##.########.#
#......# ####...#.#
#># ####...#
.....o...# #.# #...#
.###.o.### #.# #...#
##g## ... ####...###
.####.# #.# ..........
......# #.. ...
####..#.## ####..# #.#
#.# #..#.#


There were no monsters in sight!

Vanquished Creatures
  An ogre (D:4)
  A phantom (D:4)
  A gnoll sergeant (D:5)
  A crimson imp (D:5)
  Crazy Yiuf (D:4)
  An orc priest (D:5)
  3 hounds (D:5)
  Natasha (D:3)
  A worker ant (D:5)
  6 adders
  5 gnolls (D:5)
  A shadow imp (D:5)
  A worm (D:3)
  2 dart slugs
  3 leopard geckos
  9 orcs
  8 bats
  3 giant cockroaches (D:1)
  8 goblins
  10 hobgoblins
  4 jackals (D:5)
  A quokka (D:3)
  9 kobolds
  2 leopard gecko skeletons
  3 rats
86 creatures vanquished.

Vanquished Creatures (collateral kills)
  The ghost of Monsterracer the Firebug, an amateur DEFE (D:5)
1 creature vanquished.

Grand Total: 87 creatures vanquished

Notes
Turn   | Place    | Note
-------+----------+-------------------------------------------
     0 | D:1      | ghostminer98 the Draconian Wizard began the quest for the Orb.
     0 | D:1      | Reached XP level 1. HP: 14/14 MP: 4/4
   179 | D:1      | Reached XP level 2. HP: 13/20 MP: 6/6
  1570 | D:2      | Reached skill level 1 in Slings
  1570 | D:2      | Reached XP level 3. HP: 26/26 MP: 1/7
  1781 | D:2      | Learned a level 3 spell: Mephitic Cloud
  1784 | D:2      | Learned a level 2 spell: Blink
  1787 | D:2      | Learned a level 2 spell: Slow
  2123 | D:2      | Found a shimmering altar of Xom.
  2205 | D:2      | You fall through a shaft!
  2253 | D:3      | Reached XP level 4. HP: 27/33 MP: 9/9
  2510 | D:3      | Reached skill level 1 in Throwing
  2535 | D:3      | Found an iron altar of Okawaru.
  2553 | D:3      | Became a worshipper of Warmaster Okawaru
  2817 | D:3      | Noticed Natasha
  2821 | D:3      | Killed Natasha
  2821 | D:3      | Reached XP level 5. HP: 39/39 MP: 7/10
  2835 | D:3      | Noticed Natasha
  3801 | D:4      | Noticed an ogre
  3811 | D:4      | Killed an ogre
  3811 | D:4      | Reached skill level 1 in Hexes
  3864 | D:4      | Found a runed door.
  3868 | D:4      | Noticed Crazy Yiuf
  3872 | D:4      | Killed Crazy Yiuf
  3872 | D:4      | Reached XP level 6. HP: 46/46 MP: 8/11
  4275 | D:4      | Found a bloodstained altar of Trog.
  4282 | D:4      | Found a snail-covered altar of Cheibriados.
  4351 | D:4      | Found a staircase to the Ecumenical Temple.
  4362 | Temple   | Entered the Ecumenical Temple
  4465 | D:4      | Reached skill level 1 in Fighting
  4767 | D:5      | Entered Level 5 of the Dungeon
  4962 | D:5      | Found a shattered altar of Ashenzari.
  4995 | D:5      | Reached * piety under Okawaru
  5006 | D:5      | Your scales start taking on a rich purple colour.
  5006 | D:5      | Reached skill level 4 in Spellcasting
  5006 | D:5      | Reached XP level 7. HP: 21/52 MP: 3/13
  5354 | D:5      | Learned a level 3 spell: Conjure Flame
  5358 | D:5      | Learned a level 2 spell: Call Imp
  5379 | D:5      | Found a shattered altar of Ashenzari.
  5460 | D:5      | Noticed Monsterracer's ghost (amateur DEFE)
  5493 | D:5      | Killed Monsterracer's ghost
  6129 | D:4      | HP: 2/52 [sky beast (6)]
  6237 | D:3      | HP: 1/52 [something (2)]
  6237 | D:3      | Slain by a sky beast

Skill      XL: |  1  2  3  4  5  6  7 |
---------------+----------------------+-----
Dodging        | 2 |  2.5
Slings         | 1 2 3 |  3.3
Stealth        | 2 3 |  3.2
Throwing       | 1 |  1.9
Hexes          | 1 2 |  2.8
Translocations | 2 3 |  3.0
Fighting       | 1 |  1.6
Spellcasting   | 4 |  4.9
Conjurations   | |  1.8
Summonings     | |  1.4
Air Magic      | |  0.3
Poison Magic   | |  0.3

Action                   |  1- 3 |  4- 6 |  7- 9 || total
-------------------------+-------+-------+-------++-------
Melee: Unarmed           |    37 |       |       ||    37
       Tailslap          |     5 |     1 |     5 ||    11
       Hunting sling     |    16 |       |       ||    16
       Dagger            |       |     1 |    32 ||    33
 Fire: Hunting sling     |    64 |   134 |    25 ||   223
 Cast: Magic Dart        |    40 |    34 |     7 ||    81
       Slow              |     1 |     2 |       ||     3
       Blink             |     1 |       |       ||     1
       Mephitic Cloud    |       |     4 |     1 ||     5
       Call Imp          |       |       |     8 ||     8
  Use: Scroll            |     5 |     5 |     4 ||    14
       Potion            |       |       |     2 ||     2
 Stab: Confused          |       |       |     3 ||     3
  Eat: Ration            |     1 |     3 |     1 ||     5
       Chunk             |     1 |       |       ||     1
Armor: Skin              |    51 |    37 |    21 ||   109
Dodge: Dodged            |   121 |   107 |    37 ||   265
